Map: Kairos Junction LE

Players

HeRoMaRinE - Winner!

  • Race: Terran Terran
  • Spawn Location: 5:00

Elazer

  • Race: Zerg Zerg
  • Spawn Location: 11:00

Event: 2019 WCS Summer

VOD

Have the link to the VOD?

Description

Time

  • Played on: July 12, 2019, 2:51 p.m.
  • Length: 18:04

All games in this series

Show
View Real Time Build Order
Export as new Build Order

HeRoMaRinE Terran - Winner!

Build Orders: Gas First Reaper Expand, Mech, Banshee Rush 

Get SALT Encoding   

  12  0:00  SCV  
  13  0:12  SCV  
  14  0:17  Supply Depot  
  14  0:24  SCV  
  14  0:27  Refinery  
  15  0:39  SCV  
  16  0:45  Barracks  
  16  0:51  SCV  
  17  1:03  SCV  
  18  1:15  SCV  
  19  1:31  Orbital Command  
  19  1:32  Reaper  
  20  1:42  Command Center  
  20  1:54  Factory  
  20  1:57  SCV  
  21  2:04  Barracks Reactor  
  21  2:09  SCV  
  21  2:13  Supply Depot  
  21  2:14  Refinery  
  22  2:21  SCV  
  23  2:34  SCV  
  24  2:42  Starport  
  24  2:46  SCV  
  24  2:47  Hellion x2  
  24  2:51  Barracks Tech Lab  
  29  2:55  Orbital Command  
  29  2:59  SCV  
  30  3:08  Hellion x2  
  30  3:11  SCV  
  35  3:21  SCV  
  35  3:23  SCV  
  37  3:28  Supply Depot, Barracks Tech Lab  
  37  3:32  Cloaking Field, Banshee  
  40  3:36  SCV  
  40  3:37  SCV  
  42  3:50  SCV x2  
  42  3:52  Supply Depot  
  44  3:56  Marine x2  
  44  4:02  SCV  
  44  4:03  SCV  
  44  4:06  Siege Tank  
  42  4:14  Command Center  
  42  4:15  Marine  
  42  4:16  Marine  
  44  4:20  SCV x2  
  46  4:24  Banshee  
  49  4:32  Marine, SCV x2  
  49  4:34  Marine  
  49  4:36  Supply Depot  
  53  4:42  Siege Tank  
  53  4:44  SCV x2  
  53  4:45  Supply Depot  
  58  4:51  Marine  
  58  4:52  Marine  
  60  4:56  SCV x2  
  60  4:58  Refinery  
  62  5:00  Refinery  
  62  5:07  Supply Depot, Banshee  
  62  5:08  SCV  
  62  5:09  SCV  
  67  5:20  SCV  
  67  5:21  SCV  
  69  5:24  Hellion x2  
  69  5:26  Orbital Command  
  73  5:28  Hyperflight Rotors  
  73  5:33  SCV x2  
  73  5:35  Armory  
  75  5:45  SCV x2  
  75  5:46  Hellion x2  
  75  5:47  Factory  
  81  5:52  SCV  
  82  5:57  SCV  
  82  5:58  Factory  
  82  6:01  Banshee  
  86  6:05  SCV  
  86  6:07  Orbital Command  
  86  6:08  Engineering Bay  
  86  6:09  SCV, Hellion  
  86  6:10  Supply Depot  
  90  6:17  SCV  
  91  6:21  SCV  
  91  6:23  Hellion  
  91  6:24  Terran Vehicle And Ship Armor Level 1  
  94  6:25  Supply Depot  
  94  6:29  SCV  
  94  6:31  Hellion  
  97  6:33  SCV  
  97  6:35  Cyclone  
  99  6:40  SCV  
  99  6:42  SCV  
  88  6:47  Hellion  
  88  6:48  Factory Tech Lab  
  88  6:50  SCV  
  88  6:52  SCV  
  88  6:54  SCV  
  86  6:56  Refinery  
  86  6:58  Refinery  
  86  7:00  Banshee  
  86  7:02  SCV  
  86  7:03  Mag-Field Accelerator  
  86  7:04  SCV  
  86  7:06  SCV  
  86  7:07  Siege Tank x2  
  95  7:14  SCV  
  96  7:16  SCV  
  96  7:18  SCV  
  96  7:19  Hellion  
  96  7:20  Hellion  
  101  7:26  SCV  
  101  7:28  SCV, Supply Depot  
  103  7:30  SCV  
  103  7:32  Factory  
  103  7:34  Factory  
  103  7:36  Barracks Reactor  
  104  7:38  SCV  
  104  7:39  Siege Tank  
  104  7:40  SCV  
  104  7:41  Missile Turret, Hellion x2  
  104  7:43  Banshee  
  116  7:45  Supply Depot x2  
  116  7:50  Siege Tank  
  119  7:54  Supply Depot  
  119  7:56  Infernal Pre-Igniter  
  119  7:59  Supply Depot  
  119  8:02  Hellion x2  
  119  8:04  Armory  
  119  8:05  Command Center  
  126  8:14  Siege Tank  
  126  8:21  Factory Reactor, Factory Tech Lab  
  126  8:22  Hellion  
  126  8:24  Hellion  
  130  8:31  SCV x2  
  130  8:32  SCV, Supply Depot  
  130  8:35  Supply Depot  
  130  8:40  Terran Vehicle And Ship Armor Level 2  
  133  8:43  Hellion  
  138  8:49  Hellion  
  138  8:50  Sensor Tower  
  138  8:53  Command Center  
  138  8:54  Hellion x6  
  140  9:00  Terran Vehicle Weapons Level 1  
  140  9:02  Hellion x2  
  141  9:10  Cyclone x3  
  141  9:17  Banshee  
  150  9:25  Hellion x2  
  154  9:42  Cyclone x3  
  163  9:49  Hellion  
  163  9:50  Hellion  
  149  9:53  Hellion x2  
  149  9:57  SCV x2  
  149  9:58  Factory  
  149  9:59  SCV, Factory  
  154  10:01  Factory  
  154  10:03  Hellion  
  154  10:11  Hellion x2  
  154  10:14  Cyclone x3, Hellion, Orbital Command x2  
  147  10:20  Hellion  
  157  10:28  Supply Depot  
  157  10:30  Supply Depot  
  157  10:31  Supply Depot  
  157  10:32  Hellion x2  
  161  10:38  Orbital Command  
  161  10:42  Hellion x2  
  146  10:46  Cyclone x3  
  146  10:49  Factory Tech Lab  
  148  10:53  Factory Tech Lab  
  144  10:57  Refinery, Hellion x2  
  144  10:58  Refinery  
  144  11:03  Hellion  
  150  11:16  Cyclone, Siege Tank  
  150  11:18  Cyclone x3, Hellion x2  
  159  11:21  Hellion x2  
  140  11:36  Hellion  
  140  11:39  Hellion x2  
  136  11:41  Hellion  
  136  11:43  Hellion x2  
  142  11:48  Cyclone x2  
  142  11:50  Cyclone x2  
  142  11:51  Orbital Command, Hellion  
  152  11:58  Hellion  
  152  12:01  Hellion x2  
  155  12:02  Hellion  
  155  12:04  Hellion x2  
  159  12:12  Cyclone  
  155  12:20  Cyclone  
  155  12:22  Orbital Command  
  158  12:24  Cyclone  
  158  12:26  Cyclone  
  145  12:30  Cyclone  
  145  12:35  Hellion  
  142  12:42  Hellion  
  142  12:43  Hellion  
  137  12:44  Cyclone  
  137  12:45  Hellion  
  137  12:50  Hellion  
  136  12:52  Cyclone  
  136  12:54  Orbital Command  
  136  12:55  Hellion  
  136  12:56  Cyclone  
  137  13:00  Cyclone  
  137  13:08  Refinery, Hellion  
  137  13:09  Refinery, Hellion  
  141  13:13  Cyclone  
  144  13:23  Cyclone, Hellion x2  
  144  13:25  Hellion  
  153  13:29  Hellion  
  153  13:31  Hellion  
  154  13:38  Supply Depot  
  154  13:46  Cyclone  
  154  13:47  Hellion  
  153  13:51  Orbital Command  
  153  13:53  Cyclone x2, Liberator  
  153  13:54  Hellion x4  
  155  13:59  Hellion x2  
  159  14:03  Cyclone, Supply Depot  
  159  14:04  Supply Depot  
  156  14:11  Hellion  
  156  14:15  Hellion x2  
  156  14:18  Cyclone  
  156  14:21  Cyclone  
  159  14:25  Hellion x2  
  159  14:27  Cyclone  
  164  14:33  Cyclone  
  164  14:35  Orbital Command  
  162  14:38  Cyclone  
  162  14:44  Hellion  
  167  14:50  Cyclone  
  168  14:56  Cyclone  
  168  14:58  Hellion  
  157  15:02  Hellion  
  157  15:14  Cyclone x2  
  157  15:18  Orbital Command  
  163  15:23  Supply Depot  
  163  15:25  Cyclone  
  163  15:28  Hellion x2  
  170  15:30  Liberator  
  170  15:34  Cyclone  
  170  15:35  Hellion  
  149  15:37  Hellion  
  149  15:42  Hellion x2  
  155  15:44  Hellion  
  155  15:49  SCV x2  
  159  15:54  Cyclone  
  155  15:59  Hellion  
  155  16:03  Cyclone  
  149  16:08  Cyclone  
  141  16:11  Cyclone  
  141  16:17  Hellion x2  
  148  16:20  Hellion  
  148  16:25  Cyclone  
  153  16:32  Refinery  
  153  16:33  Refinery  
  153  16:34  SCV x2  
  155  16:40  Hellion  
  155  16:44  Hellion  
  157  16:48  Hellion  
  157  17:01  Cyclone x2  
  158  17:04  Hellion  
  158  17:05  Hellion  
  162  17:11  Cyclone  
  163  17:24  Supply Depot  
  163  17:34  Hellion x2  
Show
View Real Time Build Order
Export as new Build Order

Elazer Zerg 

Build Orders: Hatch First, Swarm Host 

Get SALT Encoding   

  12  0:00  Drone  
  13  0:12  Overlord  
  13  0:16  Drone  
  14  0:30  Drone x2  
  16  0:48  Hatchery  
  15  0:50  Drone  
  15  0:54  Drone  
  17  0:58  Drone  
  18  1:08  Extractor  
  17  1:12  Spawning Pool  
  17  1:16  Drone  
  17  1:20  Drone  
  18  1:28  Drone  
  19  1:38  Drone  
  20  1:49  Drone  
  21  1:59  Queen x2  
  21  2:00  Zergling x4  
  27  2:13  Hatchery  
  26  2:18  Overlord  
  26  2:21  Drone  
  27  2:23  Drone  
  28  2:31  Metabolic Boost  
  28  2:37  Drone x3  
  31  2:45  Queen  
  31  2:49  Overlord  
  33  2:53  Drone  
  33  2:55  Drone  
  33  2:58  Drone  
  36  3:09  Drone x2  
  36  3:10  Drone x3  
  41  3:15  Drone  
  42  3:20  Overlord  
  42  3:22  Queen  
  42  3:25  Queen  
  46  3:31  Drone  
  46  3:32  Drone  
  46  3:33  Overlord  
  48  3:40  Zergling x2  
  48  3:41  Zergling x4  
  51  3:42  Zergling x2  
  51  3:44  Drone  
  53  3:48  Drone  
  53  3:49  Zergling x2  
  53  3:52  Drone  
  53  3:53  Baneling Nest  
  54  3:56  Overlord  
  54  4:01  Drone x3  
  54  4:02  Drone  
  54  4:04  Drone  
  53  4:10  Drone  
  53  4:11  Drone x2  
  53  4:13  Drone  
  57  4:18  Drone x2  
  57  4:19  Drone  
  57  4:23  Drone  
  61  4:26  Spore Crawler  
  61  4:28  Spore Crawler  
  61  4:29  Spore Crawler  
  60  4:31  Drone x2  
  60  4:34  Drone  
  60  4:36  Drone x2  
  60  4:38  Drone x2  
  65  4:42  Lair  
  65  4:44  Drone  
  66  4:49  Drone x2  
  66  4:50  Drone x3  
  71  4:53  Overlord  
  71  4:54  Drone  
  71  4:57  Overlord  
  71  4:58  Extractor, Drone  
  71  4:59  Extractor  
  71  5:01  Drone  
  71  5:05  Queen  
  74  5:11  Drone x5  
  74  5:12  Drone x3  
  82  5:21  Hatchery  
  82  5:27  Drone, Overlord  
  82  5:28  Drone x4  
  86  5:30  Extractor x2  
  86  5:31  Overlord  
  86  5:33  Zergling x4  
  86  5:37  Zergling x8  
  86  5:41  Overlord x2  
  90  5:47  Overseer  
  90  5:49  Queen  
  92  5:50  Zergling x8  
  96  5:59  Centrifical Hooks, Overlord  
  96  6:02  Zergling x8  
  96  6:03  Evolution Chamber  
  98  6:06  Overlord  
  98  6:12  Overlord  
  98  6:17  Drone  
  98  6:18  Extractor, Roach Warren, Drone x3  
  101  6:22  Overlord  
  101  6:24  Baneling x6  
  100  6:30  Zergling x14  
  107  6:33  Queen x2  
  107  6:36  Overseer  
  107  6:38  Baneling x8  
  111  6:45  Zergling x2  
  111  6:46  Zergling x8  
  102  6:56  Overlord  
  102  6:57  Drone x3  
  102  6:59  Zerg Ground Armor Level 1  
  105  7:01  Drone  
  105  7:02  Evolution Chamber  
  105  7:04  Glial Reconstitution, Overlord  
  105  7:06  Drone x6  
  105  7:08  Drone x2  
  110  7:16  Drone x5  
  110  7:19  Drone x2  
  111  7:28  Zerg Missile Weapons Level 1  
  110  7:30  Infestation Pit, Overlord  
  110  7:35  Extractor  
  110  7:37  Extractor, Spore Crawler  
  107  7:41  Spore Crawler  
  107  7:43  Spore Crawler, Queen  
  106  7:44  Roach x9  
  124  7:53  Overlord  
  124  7:54  Roach x3  
  130  7:59  Overlord  
  130  8:00  Roach  
  130  8:01  Roach x6  
  130  8:04  Roach x2  
  148  8:09  Overlord  
  145  8:15  Overlord  
  145  8:16  Overlord x3  
  142  8:25  Swarm Host x4  
  153  8:28  Overlord  
  153  8:35  Swarm Host x2  
  153  8:41  Swarm Host x2  
  165  8:42  Spore Crawler  
  170  8:48  Swarm Host  
  170  8:54  Overseer  
  185  8:58  Overlord  
  185  9:00  Roach x3  
  185  9:02  Ravager x2  
  195  9:03  Ravager x3  
  195  9:08  Ravager x3  
  199  9:12  Ravager  
  200  9:17  Pneumatized Carapace  
  200  9:18  Overseer  
  200  9:33  Overlord x2  
  188  9:55  Ravager x2  
  188  9:57  Roach x4  
  198  10:02  Hive  
  198  10:03  Spire  
  195  10:14  Roach x3  
  195  10:16  Zerg Missile Weapons Level 2  
  195  10:17  Zerg Ground Armor Level 2  
  189  10:43  Roach x5  
  187  10:54  Ravager x4  
  187  10:56  Roach x6  
  193  11:25  Hatchery  
  186  11:35  Overseer  
  186  11:39  Roach x8  
  197  11:40  Roach x4  
  197  11:43  Zergling x12  
  195  12:06  Zergling x22  
  189  12:16  Greater Spire  
  189  12:22  Queen x2  
  182  12:23  Queen x2  
  182  12:28  Roach x5, Zergling x2  
  166  12:37  Roach x3  
  166  12:42  Roach x3  
  157  12:48  Roach  
  155  12:57  Roach x6  
  155  12:58  Queen  
  167  13:04  Zergling x6  
  167  13:05  Zergling x6  
  174  13:08  Hatchery  
  173  13:16  Roach x4  
  171  13:21  Roach x5  
  171  13:22  Ravager  
  171  13:24  Ravager x4  
  171  13:25  Baneling x12  
  185  13:27  Zergling x6  
  184  13:34  Ravager x2  
  184  13:35  Ravager  
  184  13:36  Roach x4  
  195  13:44  Zergling x10  
  195  13:52  Zergling x22  
  197  13:58  Overseer  
  197  13:59  Nydus Network  
  197  14:00  Zergling x2  
  197  14:01  Zergling x8  
  190  14:10  Zergling x8  
  187  14:22  Infestor x4  
  187  14:23  Infestor  
  187  14:24  Zergling x8  
  197  14:25  Baneling x10  
  197  14:30  Zergling x2  
  195  14:42  Overlord  
  195  14:45  Zerg Missile Weapons Level 3  
  183  14:46  Zerg Ground Armor Level 3  
  183  14:52  Baneling x14  
  177  14:53  Zergling x28  
  177  14:54  Adrenal Glands  
  191  15:02  Drone x3  
  191  15:06  Burrow  
  194  15:12  Zergling x2  
  194  15:13  Zergling x8  
  199  15:18  Overlord  
  199  15:20  Pathogen Glands  
  178  15:36  Roach x9  
  190  15:50  Zergling x14  
  193  16:01  Infestor  
  193  16:02  Infestor x3  
  184  16:10  Zergling x8  
  177  16:15  Roach  
  177  16:17  Neural Parasite  
  153  16:21  Ravager x3  
  153  16:22  Ravager x2  
  153  16:25  Drone x4  
  138  16:35  Baneling x9  
  138  16:36  Infestor x4  
  146  16:49  Baneling x7, Ravager x2  
  146  16:50  Ravager x2  
  146  16:51  Zergling x10  
  155  16:56  Baneling x6  
  155  17:00  Zergling x6  
  151  17:24  Infestor x4  
  151  17:28  Zergling x10  
  151  17:29  Zergling x2  
  148  17:30  Overlord x3  
  148  17:31  Overlord  
Tags
 
Add a new tag
Caveats
  • Supply blocks, unpowered buildings, or Contaminate may cause inaccurate times.
  • Supply counts are checked every 10 seconds.